AoeStats
← old f1sh

Arabia

509576202Analyzed
1v1 RM · 4d ago on Sep 27, 2026· 23m 16s· 2 players
Game mode
Random Map
Map size
Tiny (2 player)
Population
200
Speed
Normal
Resources
Standard
Victory
Conquest
Starting age
Dark Age
Ending age
Imperial Age
RankedLock teamsTeams togetherTeam positionsShared explorationLock speedFull tech treeHidden civsTurbo modeCheats
Victory
Defeat
🇨🇳 Jurchens · China
1629
+11
🇯🇵 Varangians · Japan
1526
-11
Gold Please
7:26 Loom
10:09 Feudal Age
14:34 Castle Age
17:03 Double-Bit Axe
22:36 Scale Barding Armor
old f1sh
6:18 Loom
8:51 Feudal Age
9:26 Double-Bit Axe
19:19 Castle Age
17:48 Fletching
18:32 Padded Archer Armor
18:31 Horse Collar
19:21 Crossbowman
20:19 Bodkin Arrow
21:27 Bow Saw
22:59 Gold Mining
Connection lost

Rejoining the realm…

Still unreachable

The connection could not be restored.

Session expired

The server has moved on; the page needs a fresh start.